Map: Jagannatha LE

Players

fLo

  • Race: Terran Terran
  • League: Master

Nergaoul - Winner!

  • Race: Protoss Protoss
  • League: Diamond

VOD

Have the link to the VOD?

Description

Time

  • Played on: Oct. 17, 2021, 7:48 a.m.
  • Length: 14:00
Show
View Real Time Build Order
Export as new Build Order

fLo Terran 

Build Orders:  

Get SALT Encoding   

  12  0:00  SCV  
  13  0:12  SCV  
  14  0:18  Supply Depot  
  14  0:24  SCV  
  15  0:39  SCV  
  15  0:40  Barracks  
  16  0:44  Refinery  
  16  0:51  SCV  
  17  1:01  Supply Depot  
  17  1:04  SCV  
  18  1:16  SCV  
  19  1:30  Orbital Command  
  19  1:33  Barracks  
  19  1:39  Barracks Reactor  
  19  1:47  Barracks  
  19  1:58  SCV  
  20  2:10  SCV, Factory  
  21  2:16  Marine x2  
  21  2:22  Barracks Tech Lab  
  23  2:30  Refinery, SCV  
  23  2:34  Marine x2  
  23  2:36  Barracks Tech Lab  
  26  2:51  Command Center  
  26  2:57  SCV  
  27  3:03  Starport  
  27  3:17  Marine x4  
  31  3:33  Stimpack  
  31  3:35  Supply Depot  
  31  3:41  Starport Reactor  
  31  3:54  Factory Tech Lab  
  31  3:57  SCV  
  31  3:59  Supply Depot  
  31  4:00  Marauder x2  
  36  4:06  Concussive Shells  
  36  4:09  SCV  
  35  4:21  SCV  
  35  4:23  Marine  
  35  4:24  Marine, Marauder  
  38  4:36  Engineering Bay  
  38  4:42  SCV  
  40  4:46  Orbital Command  
  39  4:56  Medivac x2  
  43  5:03  Refinery, SCV  
  44  5:08  Missile Turret  
  44  5:14  SCV  
  45  5:18  Refinery  
  45  5:25  SCV  
  45  5:26  SCV  
  47  5:28  Medivac  
  47  5:29  Medivac  
  51  5:38  SCV  
  52  5:46  Marine x2, Marauder x2  
  52  5:47  SCV  
  59  5:52  Terran Infantry Weapons Level 1  
  59  6:03  Marine  
  59  6:04  Marine  
  60  6:07  Marauder  
  62  6:40  Missile Turret  
  62  6:50  Supply Depot  
  62  7:08  SCV x2  
  62  7:10  Marauder  
  62  7:11  Viking x2  
  62  7:12  Marauder  
  62  7:13  Supply Depot  
  64  7:20  SCV  
  54  7:31  Marauder  
  54  7:32  SCV  
  54  7:33  Marine x2, Marauder  
  54  7:36  Siege Tank  
  59  7:40  SCV  
  59  7:41  Viking  
  62  7:44  SCV  
  63  7:51  Marine  
  63  7:53  Marauder  
  63  7:55  Marauder, Supply Depot  
  63  7:56  SCV  
  63  7:58  Marine  
  70  8:01  Terran Infantry Armor Level 1  
  70  8:07  Engineering Bay  
  70  8:08  SCV  
  70  8:09  Marine  
  72  8:14  Marauder  
  72  8:15  SCV  
  72  8:16  Marauder  
  77  8:20  SCV  
  77  8:22  Viking x2  
  82  8:29  SCV  
  82  8:31  Combat Shield  
  82  8:33  SCV  
  84  8:35  Armory  
  84  8:36  Marauder  
  86  8:52  Supply Depot  
  86  8:55  Supply Depot  
  86  9:09  Supply Depot  
  86  9:14  Marine x2, Marauder x2, SCV x2  
  86  9:15  Supply Depot  
  86  9:16  Medivac x2  
  98  9:17  Supply Depot  
  98  9:25  Terran Infantry Weapons Level 2  
  98  9:26  SCV x2  
  98  9:30  Siege Tank  
  103  9:32  Supply Depot  
  103  9:38  SCV  
  104  9:46  Medivac x2  
  104  9:49  Terran Ship Weapons Level 1  
  104  9:50  SCV  
  109  9:57  Terran Infantry Armor Level 2  
  109  10:00  SCV  
  109  10:02  SCV  
  109  10:05  Supply Depot  
  111  10:07  Siege Tank, Supply Depot  
  111  10:12  SCV, Marauder  
  111  10:13  Marauder  
  119  10:14  Marine x2  
  121  10:26  Command Center  
  121  10:35  Marine, Marauder x2  
  125  10:36  Marine  
  125  10:38  SCV  
  125  10:42  SCV  
  129  10:49  Viking x2  
  133  10:54  SCV  
  133  10:57  Marauder  
  136  11:00  Barracks  
  136  11:01  Barracks, Supply Depot  
  136  11:04  Supply Depot  
  136  11:06  SCV x2  
  136  11:11  Siege Tank  
  141  11:18  SCV  
  142  11:19  Viking x2  
  146  11:31  Marine x2, Marauder x2  
  146  11:32  Starport  
  152  11:38  Supply Depot  
  152  11:45  SCV  
  153  11:48  Orbital Command  
  153  11:54  Supply Depot  
  153  11:55  Supply Depot  
  153  11:57  SCV  
  153  11:59  Barracks Tech Lab x2  
  154  12:02  Viking x2, Supply Depot  
  154  12:04  Siege Tank  
  154  12:06  SCV  
  162  12:10  Refinery  
  160  12:18  SCV  
  116  12:32  Marine x4  
  116  12:33  Marine  
  116  12:36  Viking x3  
  78  12:45  Marine  
  78  12:50  Marine x4  
  77  12:54  SCV  
  77  12:55  Marine  
  72  13:00  Missile Turret  
  72  13:03  Marine  
  64  13:06  Viking x2  
  64  13:08  Marine x2  
  64  13:15  Viking  
  52  13:26  Marine x6  
Show
View Real Time Build Order
Export as new Build Order

Nergaoul Protoss - Winner!

Build Orders: Oracle Opening, Carriers 

Get SALT Encoding   

  12  0:00  Probe  
  13  0:12  Probe  
  14  0:18  Pylon  
  14  0:24  Probe  
  15  0:36  Probe  
  15  0:37  Gateway  
  16  0:47  Assimilator  
  16  0:49  Probe (Chrono Boost)  
  17  1:01  Probe (Chrono Boost)  
  18  1:07  Probe (Chrono Boost)  
  19  1:12  Assimilator  
  19  1:15  Probe  
  20  1:27  Probe  
  21  1:36  Cybernetics Core  
  21  1:39  Probe  
  22  1:43  Pylon  
  22  1:51  Probe  
  23  2:03  Probe  
  24  2:09  Warp Gate (Chrono Boost)  
  24  2:12  Stalker (Chrono Boost)  
  26  2:25  Stargate  
  26  2:26  Nexus  
  26  2:29  Pylon  
  26  2:33  Probe  
  27  2:43  Shield Battery  
  27  2:45  Probe  
  27  2:50  Stalker  
  30  2:58  Probe  
  31  3:05  Oracle (Chrono Boost)  
  31  3:10  Probe  
  35  3:26  Pylon  
  35  3:28  Stalker  
  37  3:35  Probe  
  38  3:42  Void Ray (Chrono Boost)  
  42  3:57  Probe  
  42  3:58  Probe  
  42  3:59  Robotics Facility  
  44  4:09  Probe  
  45  4:10  Probe, Assimilator  
  45  4:13  Void Ray (Chrono Boost)  
  46  4:22  Probe x2  
  52  4:34  Probe (Chrono Boost)  
  52  4:35  Probe (Chrono Boost)  
  54  4:39  Assimilator  
  55  4:46  Probe (Chrono Boost)  
  55  4:50  Observer  
  55  4:51  Probe (Chrono Boost)  
  57  4:53  Probe (Chrono Boost), Stalker  
  57  4:58  Probe  
  61  5:00  Probe  
  62  5:15  Pylon, Nexus  
  62  5:16  Pylon  
  62  5:25  Robotics Bay  
  62  5:28  Void Ray (Chrono Boost)  
  62  5:33  Probe x2  
  64  5:39  Observer  
  69  5:45  Probe x2  
  71  5:55  Stargate  
  71  5:57  Probe x2  
  71  6:00  Pylon  
  73  6:04  Shield Battery  
  73  6:09  Probe x2  
  75  6:17  Void Ray (Chrono Boost)  
  75  6:25  Colossus (Chrono Boost)  
  85  6:33  Protoss Air Weapons Level 1 (Chrono Boost)  
  85  6:36  Probe x3  
  85  6:39  Extended Thermal Lance  
  88  6:40  Void Ray (Chrono Boost)  
  92  6:48  Probe x3  
  95  6:55  Pylon  
  95  6:58  Shield Battery  
  95  7:00  Probe x3  
  98  7:12  Probe  
  81  7:25  Probe  
  81  7:26  Void Ray x2 (Chrono Boost), Stalker  
  78  7:36  Colossus (Chrono Boost)  
  92  7:46  Probe x2  
  92  7:47  Probe  
  92  7:48  Assimilator  
  92  7:49  Assimilator  
  95  7:58  Nexus  
  95  7:59  Pylon  
  95  8:07  Observer  
  95  8:14  Fleet Beacon  
  95  8:16  Pylon  
  95  8:19  Pylon  
  95  8:31  Observer (Chrono Boost)  
  95  8:32  Forge  
  96  8:43  Colossus (Chrono Boost)  
  102  8:51  Assimilator  
  102  8:55  Assimilator, Stalker  
  104  8:59  Shield Battery  
  104  9:00  Gateway, Shield Battery  
  104  9:02  Gateway, Pylon  
  104  9:04  Gateway  
  104  9:05  Carrier x2 (Chrono Boost)  
  104  9:07  Gateway  
  116  9:18  Protoss Ground Weapons Level 1  
  116  9:21  Probe x3  
  116  9:23  Protoss Air Weapons Level 2 (Chrono Boost)  
  119  9:33  Probe x3  
  119  9:35  Photon Cannon  
  119  9:36  Photon Cannon  
  119  9:38  Colossus (Chrono Boost)  
  122  9:39  Photon Cannon  
  122  9:41  Photon Cannon  
  122  9:44  Pylon  
  122  9:45  Zealot, Probe  
  131  9:56  Gateway  
  131  9:58  Gateway  
  131  10:00  Gateway  
  131  10:05  Carrier (Chrono Boost)  
  143  10:08  Carrier (Chrono Boost)  
  143  10:10  Pylon  
  143  10:13  Pylon  
  143  10:16  Probe, Shield Battery  
  143  10:17  Probe x2  
  143  10:18  Shield Battery  
  143  10:19  Photon Cannon  
  143  10:20  Photon Cannon  
  146  10:25  Observer  
  147  10:29  Probe  
  148  11:00  Zealot x6  
  148  11:01  Zealot x2  
  148  11:02  Carrier (Chrono Boost)  
  148  11:03  Carrier (Chrono Boost)  
  176  11:06  Twilight Council  
  176  11:08  Pylon  
  176  11:24  Pylon  
  176  11:27  Pylon  
  176  11:28  Observer  
  176  11:30  Pylon  
  177  11:34  Protoss Ground Armor Level 1  
  177  11:48  Pylon  
  177  11:50  Nexus  
  177  11:54  Carrier (Chrono Boost)  
  177  11:59  Assimilator  
  189  12:02  Assimilator  
  189  12:04  Carrier (Chrono Boost)  
  147  12:30  Colossus (Chrono Boost)  
  153  12:37  Zealot x6  
  153  12:38  Zealot x2  
  169  12:50  Carrier  
  187  13:33  Pylon  
  187  13:38  Dark Shrine  
Tags
 
Add a new tag
Caveats
  • Supply blocks, unpowered buildings, or Contaminate may cause inaccurate times.
  • Supply counts are checked every 10 seconds.